AoeStats
← PNAL | x_lintu_x

Arabia

510396233Analyzed
1v1 RM · 1d ago on Sep 30, 2026· 44m 50s· 2 players
Game mode
Random Map
Map size
Tiny (2 player)
Population
200
Speed
Normal
Resources
Standard
Victory
Conquest
Starting age
Dark Age
Ending age
Imperial Age
RankedLock teamsTeams togetherTeam positionsShared explorationLock speedFull tech treeHidden civsTurbo modeCheats
Victory
Defeat
🇦🇷 Ethiopians · Argentina
1097
+17
🇲🇽 Lithuanians · Mexico
1111
-17
PNAL | x_lintu_x
2:36 Loom
5:54 Loom
9:07 Feudal Age
10:51 Double-Bit Axe
15:04 Fletching
16:31 Padded Archer Armor
18:14 Town Watch
26:45 Castle Age
26:48 Crossbowman
27:34 Thumb Ring
29:06 Bodkin Arrow
33:04 Gold Mining
35:24 Leather Archer Armor
Tesistaní
6:15 Loom
8:56 Feudal Age
9:27 Double-Bit Axe
14:30 Scale Barding Armor
15:33 Forging
16:18 Fletching
19:28 Bloodlines
23:12 Scale Mail Armor
23:15 Padded Archer Armor
31:19 Horse Collar
36:28 Castle Age
37:09 Bodkin Arrow
36:37 Elite Skirmisher
Connection lost

Rejoining the realm…

Still unreachable

The connection could not be restored.

Session expired

The server has moved on; the page needs a fresh start.